 Dungeon Crawl Stone Soup version 0.17-a0-1210-g1e4f09d (webtiles) character file.

19 SWAGNEMITE the Skirmisher (level 2, -2/26 HPs)
             Began as a Centaur Chaos Knight on June 3, 2015.
             Slain by a warg (shapeshifter) (11 damage)
             ... on level 2 of the Dungeon.
             The game lasted 00:03:34 (868 turns).

SWAGNEMITE the Skirmisher (Centaur Chaos Knight)     Turns: 868, Time: 00:03:35

Health: -2/26      AC:  6    Str: 14    XL:     2   Next: 55%
Magic:  2/2        EV:  9    Int: 11    God:    Xom [..*...]
Gold:   57         SH:  0    Dex:  8    Spells: 0 memorised, 1 level left

rFire  . . .     SeeInvis .     a - +0 spear (chaos)
rCold  . . .     Clarity  .     b - +2 leather armour
rNeg   . . .     SustAt   .     (no shield)
rPois  .         Gourm    .     (no helmet)
rElec  .         Spirit   .     (no cloak)
rCorr  .         Warding  .     (no gloves)
rMut   .         Stasis   .     (no barding)
MR     .....                    (no amulet)
Stlth  ..........               (no ring)
                                (no ring)

@: very quick, not resistant to hostile enchantments, extremely unstealthy
A: hooves 3, deformed body, speed 2, tough skin 3
a: Renounce Religion


You were on level 2 of the Dungeon.
You worshipped Xom.
You were a toy of Xom.
You were not hungry.

You visited 1 branch of the dungeon, and saw 2 of its levels.

You collected 57 gold pieces.

Inventory:

Hand weapons
 a - a +0 spear of chaos (weapon)
Armour
 b - a +2 leather armour (worn)
Jewellery
 e - an uncursed ring of protection from magic {unknown}
   (You found it on level 1 of the Dungeon)
Scrolls
 d - 2 scrolls of teleportation {unknown}
Potions
 f - a potion of resistance {unknown}
 g - a potion of cancellation {unknown}
Comestibles
 c - 3 bread rations {@e1}
 h - 3 fruits
 i - 2 meat rations {@e2}


   Skills:
 + Level 3.1 Fighting
 * Level 3.1 Polearms
 + Level 1.3 Armour
 + Level 1.1 Dodging


You had one spell level left.
You didn't know any spells.

Dungeon Overview and Level Annotations

Branches:
Dungeon (2/15)

Altars:
Ru


Innate Abilities, Weirdness & Mutations

You have hooves in place of feet.
Armour fits poorly on your strangely shaped body.
You cover ground very quickly.
You have extremely tough skin (AC +3).


Message History

Xom almost notices you.
Your runed ruby ring falls out of your pack, then immediately jumps back in!
Unknown command.
Done exploring.
You offer a prayer to Xom.
Xom slaps you with a flathead trout!
There is an escape hatch in the floor here.
You slide downwards.
The hatch slams shut behind you.
Xom whispers "Shhh!"
You feel stealthy.
Xom is amused.
Found a stone staircase leading up.
A kobold comes into view. It is wielding a dagger.
Attack whom?
Aim: a kobold, wielding a dagger You reach to attack!
You hit the kobold. You hit the kobold. You burn the kobold.
The kobold barely misses you.
You hit the kobold.
You kill the kobold!
No target in view!
No target in view!
No target in view!
A goblin comes into view. It is wielding a club.
A goblin is nearby!
The goblin shouts!
Attack whom?
Aim: a goblin, wielding a club You reach to attack!
You hit the goblin but do no damage. You drain the goblin!
You kill the goblin!
No target in view!
No target in view!
No target in view!
c - 2 bread rations {@e1} (gained 1)
A goblin comes into view. It is wielding a dagger.
You see here a bread ration {@e1}.
c - 3 bread rations {@e1} (gained 1)
The goblin shouts!
The goblin moves out of view.
No target in view!
No target in view!
No target in view!
No target in view!
No target in view!
No target in view!
No target in view!
No target in view!
No target in view!
No target in view!
No target in view!
The goblin hits you but does no damage.
You hit the goblin but do no damage. The goblin hits you with a dagger.
You take 1 damage, and have 25/26 hp.
You closely miss the goblin. You closely miss the goblin.
Your kick misses the goblin. The goblin hits you with a dagger.
You take 1 damage, and have 24/26 hp.
You closely miss the goblin. Your kick misses the goblin.
The goblin hits you but does no damage.
You completely miss the goblin. The goblin hits you but does no damage.
You closely miss the goblin. Your kick misses the goblin.
The goblin hits you but does no damage.
You hit the goblin.
You kill the goblin!
You see here a dagger.
You open the door.
You feel less stealthy.
There is an open door here.
As you open the door, it creaks loudly!
There is an open door here.
Found a sacrificial altar of Ru.
You open the door.
You offer a prayer to Xom.
Xom toots happily.
There is an open door here.
i - 2 meat rations {@e2} (gained 1)
You see here 5 steel bolts.
A worm comes into view.
Health restored: 26 A worm is nearby!
Attack whom?
Aim: a worm You reach to attack!
You hit the worm but do no damage.
The worm changes into a hound!
Xom is highly amused!
You closely miss the hound. Your kick misses the hound.
The hound bites you but does no damage. The hound barely misses you.
You hit the hound. You freeze the hound. The hound barely misses you.
You hit the hound. You kick the hound. The hound bites you but does no damage.
You miss the hound. The hound bites you. The hound closely misses you.
You take 4 damage, and have 22/26 hp.
You hit the hound.
The hound changes into a centaur!
You hit the centaur but do no damage.
There is a sudden explosion of sparks!
The centaur changes into a warg!
You hit the warg. The warg bites you!
Ouch! That really hurt!
You take 13 damage, and have 9/26 hp.
MASSIVE DAMAGE!!
You hit the warg. The warg bites you!
You die...
Xom roars with laughter!

##...####...###+#'≈≈≈..#
##.....<..)#...#...≈..#
).....#...#.......≈..#
...###.##.####...≈≈≈≈.#
....# #.##..#.......≈..#
#.#.# #.....#..(....≈..#
#.#.....##########.#####
..###.############.# #.
......h@..# #
###########


You could see a warg shaped shifter.

Vanquished Creatures
  2 giant cockroaches (D:1)
  5 goblins
  3 hobgoblins (D:1)
  3 kobolds
  A bat (D:1)
  2 giant newts (D:1)
  2 rats (D:1)
18 creatures vanquished.

Notes
Turn   | Place    | Note
--------------------------------------------------------------
     0 | D:1      | SWAGNEMITE the Centaur Chaos Knight began the quest for the Orb.
     0 | D:1      | Reached XP level 1. HP: 19/19 MP: 1/1
   122 | D:1      | Reached skill level 1 in Dodging
   152 | D:1      | XOM: divination: magic mapping
   214 | D:1      | Reached XP level 2. HP: 23/26 MP: 2/2
   316 | D:1      | XOM: harmless Divn miscast
   379 | D:1      | Reached skill level 3 in Polearms
   405 | D:1      | XOM: divination: magic mapping
   516 | D:1      | XOM: divination: detect creatures
   752 | D:1      | XOM: silly message
   765 | D:2      | XOM: stealth player
   844 | D:2      | Found a sacrificial altar of Ru.
   865 | D:2      | Noticed a centaur
   865 | D:2      | a hound changed into a centaur
   866 | D:2      | Noticed a warg
   866 | D:2      | a centaur changed into a warg
   868 | D:2      | Slain by a warg (shapeshifter)

Vault maps used:
D:1:      evilmike_arrival_rings
D:2:      hangedman_ru_absence, nicolae_dithmenos_shadow_blocks,
          xom_teletrap_fun, uniq_iyjb, uniq_sigmund

Action                   || total
-------------------------++-------
Melee: Spear             ||    65

Vault maps used:
D:1:      evilmike_arrival_rings
D:2:      hangedman_ru_absence, nicolae_dithmenos_shadow_blocks,
          xom_teletrap_fun, uniq_iyjb, uniq_sigmund

Table legend:
 A = Turns spent in this place as a percentage of turns spent in the entire game.
 B = Non-inter-level travel turns spent in this place as a percentage of non-inter-level travel turns spent in the entire game.
 C = Inter-level travel turns spent in this place as a percentage of turns spent in this place.
 D = Turns resting spent in this place as a percentage of non-inter-level travel turns spent in this place.
 E = Turns spent auto-exploring this place as a percentage of non-inter-level travel turns spent in this place.
 F = Non-inter-level travel turns spent in this place divided by the number of levels of this place that you've seen.
                   A       B       C       D       E      F
               +-------+-------+-------+-------+-------+----------------------
         Total | 100.0 | 100.0 |   0.4 |   0.0 |  14.3 | 122.5
       Dungeon | 100.0 | 100.0 |   0.4 |   0.0 |  14.3 | 122.5
               +-------+-------+-------+-------+-------+----------------------

Table legend:
 A = Kills in this place as a percentage of kills in entire the game.
 B = Kills by you in this place as a percentage of kills by you in the entire game.
 C = Kills by friends in this place as a percentage of kills by friends in the entire game.
 D = Other kills in this place as a percentage of other kills in the entire game.
 E = Experience gained in this place as a percentage of experience gained in the entire game.
 F = Experience gained in this place divided by the number of levels of this place that you have seen.
                   A       B       C       D       E      F
               +-------+-------+-------+-------+-------+----------------------
         Total | 100.0 | 100.0 |  -nan |  -nan | 100.0 |  14.0
       Dungeon | 100.0 | 100.0 |  -nan |  -nan | 100.0 |  14.0
               +-------+-------+-------+-------+-------+----------------------
